 Dungeon Crawl Stone Soup version 0.32-a0-673-g3729bd50f8 (webtiles) character file.

Game seed: 8154428514011236027

81 BeKind the Caller (level 4, -7/27 HPs)
             Began as an Octopode Summoner on Mar 11, 2024.
             Mangled by Grinder (11 damage)
             ... on level 3 of the Dungeon.
             The game lasted 00:02:57 (1651 turns).

BeKind the Caller (Octopode Summoner)               Turns: 1651, Time: 00:02:58

Health: -7/27      AC:  1    Str:  7    XL:     4   Next: 42%
Magic:  8/8        EV: 14    Int: 17    God:
Gold:   113        SH:  0    Dex: 14    Spells: 4/8 levels left

rFire   . . .        c - +0 dagger
rCold   . . .        (no shield)
rNeg    . . .        (helmet restricted)
rPois   .            (no amulet)
rElec   .            (no ring)
rCorr   .            (no ring)
SInv    .            (no ring)
Will    .....        (no ring)
Stlth   +++          (no ring)
HPRegen 0.24/turn    (no ring)
MPRegen 0.11/turn    (no ring)
                     (no ring)

%: no passive effects
@: no status effects
A: almost no armour, amphibious, 8 rings, camouflage 1, gelatinous body 1,
(nimble swimmer 1), tentacles
a: no special abilities


You were on level 3 of the Dungeon.
You visited 1 branch of the dungeon, and saw 3 of its levels.

You collected 113 gold pieces.

Inventory:

Hand Weapons
 c - a +0 dagger (weapon)
Jewellery
 k - a ring of ice
Scrolls
 b - 6 scrolls of identify {unknown}
 e - a scroll of butterflies {unknown}
 f - a scroll of revelation {unknown}
 g - a scroll of immolation {unknown}
 h - 2 scrolls of teleportation {unknown}
 i - a scroll of fog {unknown}
 m - 2 scrolls of blinking {unknown}
 n - a scroll of noise {unknown}
 p - a scroll of torment {unknown}
Potions
 a - a potion of magic
 d - a potion of haste {unknown}
 j - a potion of might {unknown}
 l - a potion of mutation {unknown}
 o - a potion of heal wounds {unknown}


   Skills:
 + Level 3.0 Dodging
 - Level 3.0 Stealth
 + Level 2.8 Spellcasting
 + Level 4.6 Summonings


You had 4 spell levels left.
You knew the following spells:

 Your Spells              Type           Power      Damage    Failure   Level
a - Summon Small Mammal   Summ           72%        N/A       2%          1
b - Call Canine Familiar  Summ           18%        N/A       9%          3

Your spell library contained the following spells:

 Spells                   Type           Power      Damage    Failure   Level
 Call Imp                 Summ           36%        N/A       4%          2
 Fugue of the Fallen      Necr           2%         N/A       47%         3
 Ozocubu's Armour         Ice            2%         N/A       47%         3
 Summon Blazeheart Golem  Fire/Summ      10%        N/A       56%         4
 Summon Lightning Spire   Summ/Air       10%        N/A       56%         4
 Manifold Assault         Tloc           2%         N/A       87%         4


Dungeon Overview and Level Annotations

Branches:
Dungeon (3/15)

Altars:

Annotations:
D:3 Grinder


Innate Abilities, Weirdness & Mutations

You cannot wear most types of armour.
You are amphibious.
You can wear up to eight rings at the same time.
Your skin changes colour to match your surroundings (Stealth+).
Your rubbery body absorbs attacks. (AC +1, EV +1)
((You are camouflaged when in or above water. (Stealth+)))
You have tentacles for arms and can constrict up to eight enemies at once.


Message History

No target in view!
Found a stone staircase leading down.
You see here a ribbon worm corpse.
A gnoll comes into view. It is wielding a +0 flail.
A gnoll is nearby!
A gnoll is nearby!
Found 6 gold pieces.
A gnoll comes into view. It is wielding a +0 spear.
The gnoll shouts!
You hear a shout!
You hear an angry hiss.
A gnoll comes into view. It is wielding a +0 flail.
An adder comes into view.
Found a scroll labelled GUDI XIUCYTUK.
The gnoll misses you.
You hit the gnoll. You grab the gnoll.
The gnoll is moderately wounded.
You constrict the gnoll. The gnoll closely misses you.
The gnoll hits you with a +0 flail!
You hit the gnoll.
The gnoll is heavily wounded.
You constrict the gnoll.
The gnoll hits you from afar with a +0 spear.
The gnoll hits you with a +0 flail!
* * * LOW HITPOINT WARNING * * *
The gnoll barely misses you.
You release your grip on the gnoll.
The gnoll attacks as it pursues you! The gnoll misses you.
The adder misses you. The adder bites you.
* * * LOW HITPOINT WARNING * * *
The adder misses you.
You see here a ribbon worm corpse.
The gnoll attacks as it pursues you! The gnoll closely misses you.
The gnoll attacks as it pursues you! The gnoll misses you.
The gnoll attacks as it pursues you! The gnoll misses you.
You see here a +0 scale mail.
The gnoll attacks as it pursues you! The gnoll barely misses you.
The gnoll attacks as it pursues you! The gnoll closely misses you.
Grinder shouts!
Grinder hits you!
You die...
Grinder sighs, "Dead already?
I want a refund."

##....# ##..##....# #......
##..## ###..##....... #
#..## #.#........ ..##)##
.......... ......###
#...........#
##..†...#######...........#
#...#.......##.5.........#
#.####...##gSg.@...b....#
#. ###.#######........## #.
#.## #.........$# #. #..#
#..........# .
#####g#####...<......# ?.#
#.$.......#...[......#
....##..g......#..........#
.$.............##........##
.....#############..o...##


You could see Grinder, 2 gnolls, an adder and a bat.

Vanquished Creatures
  Jessica (D:3)
  An adder (D:2)
  A dart slug (D:1)
  2 ribbon worms
  2 endoplasms
  3 giant cockroaches (D:1)
  5 goblins
  3 hobgoblins (D:1)
  5 kobolds
  3 quokkas
  5 ball pythons
  A bat (D:2)
  2 frilled lizards
  2 rats
36 creatures vanquished.

Vanquished Creatures (collateral kills)
  An endoplasm (D:1)
  A goblin (D:1)
2 creatures vanquished.

Grand Total: 38 creatures vanquished

Notes
Turn   | Place    | Note
-------+----------+-------------------------------------------
     0 | D:1      | BeKind the Octopode Summoner began the quest for the Orb.
     0 | D:1      | Reached XP level 1. HP: 11/11 MP: 3/3
   180 | D:1      | Reached XP level 2. HP: 17/17 MP: 3/5
   586 | D:1      | Reached XP level 3. HP: 15/21 MP: 4/6
  1439 | D:2      | Learned a level 3 spell: Call Canine Familiar
  1504 | D:3      | Noticed Grinder
  1554 | D:3      | Noticed Jessica
  1559 | D:3      | Killed Jessica
  1560 | D:3      | Reached XP level 4. HP: 22/27 MP: 6/8
  1640 | D:3      | HP: 1/27 [adder (4)]
  1651 | D:3      | Mangled by Grinder

Illustrated notes

Levels and vault maps discovered:
D:1:      minmay_arrival_plants_in_alcoves, layout_basic, roderic_malta_cross
D:2:      layout_basic
D:3:      layout_rooms, serial_shops, nicolae_shop_tiny_glass,
          kennysheep_generic_room_11, uniq_grinder, uniq_jessica

Skill      XL: |  1  2  3 |
---------------+----------+-----
Stealth        | 3 |  3.0
Dodging        | 3 |  3.0
Spellcasting   | |  2.8
Summonings     | |  4.6

Action                     |  1- 3 |  4- 6 || total
---------------------------+-------+-------++-------
  Melee: Dagger            |    52 |     8 ||    60
         Unarmed           |     4 |       ||     4
         Constrict         |    14 |     3 ||    17
         Tentacles         |     8 |     3 ||    11
   Cast: Summon Small Mamm |    16 |       ||    16
   Stab: Sleeping          |     7 |       ||     7
         Distracted        |     1 |       ||     1
 Armour: Skin              |    20 |     7 ||    27
  Dodge: Dodged            |    30 |    13 ||    43

Table legend: (Time is in decaauts)
 A = Elapsed time spent in this place.
 B = Non-inter-level travel time spent in this place.
 C = Inter-level travel time spent in this place.
 D = Time resting spent in this place.
 E = Time spent auto-exploring this place.
 F = Levels seen in this place.
 G = Mean time per level.
                   A        B        C        D        E       F      G
               +--------+--------+--------+--------+--------+-----+--------+
         Total |   1650 |   1536 |    114 |      0 |   1230 |   3 |  550.0 |
       Dungeon |   1650 |   1536 |    114 |      0 |   1230 |   3 |  550.0 |
               +--------+--------+--------+--------+--------+-----+--------+

Top non-repeatable levels by time:
     D:2: 772 daAuts
     D:1: 758 daAuts
     D:3: 119 daAuts
